 Dungeon Crawl Stone Soup version 0.30-a0-989-g0d87f670db (webtiles) character file.

Game seed: 13849713753370704315

12775 tilp the Covert (level 11, -7/87 HPs)
             Began as a Vampire Enchanter on Apr 2, 2023.
             Was a Priest of Wu Jian.
             Mangled by a death yak (20 damage)
             ... in a Gauntlet.
             The game lasted 00:20:22 (10226 turns).

tilp the Covert (Vampire Enchanter)                Turns: 10226, Time: 00:20:23

Health: -7/87      AC: 11    Str:  7    XL:     11   Next: 66%
Magic:  23/28      EV: 16    Int: 22    God:    Wu Jian [***...]
Gold:   747        SH:  0    Dex: 18    Spells: 10/21 levels left

rFire   . . .      SeeInvis +    a - +2 dagger (flame)
rCold   . . .      Faith    .    (no shield)
rNeg    + . .      Spirit   .    r - +0 steam dragon scales
rPois   .          Reflect  .    u - +1 helmet
rElec   .          Rampage  .    s - +1 cloak
rCorr   .          NoTele   +    (no gloves)
Will    +....                    M - +0 pair of boots {Fly}
Stlth   +++++                    (no amulet)
HPRegen 0.54/turn                y - ring "Seishoc" {rN+ MP+9 Dex+3}
MPRegen 0.21/turn                (no ring)

@: confusing by touch, flying, healing quickly, slowed, very slow
A: alive, fangs 3, see invisible, vampiric 2
a: Exsanguinate, Renounce Religion, Wall Jump, Serpent's Lash


You were in a Gauntlet.
You worshipped Wu Jian.
Wu Jian was most pleased with you.
You visited 2 branches of the dungeon, and saw 12 of its levels.
You also visited: Gauntlet.

You collected 859 gold pieces.
You spent 112 gold pieces at shops.

Inventory:

Hand Weapons
 a - a +2 dagger of flaming (weapon)
 b - a +3 long sword of freezing
 w - a +0 rapier
 B - a +2 scimitar
 C - a +1 dagger
Missiles
 l - 36 poisoned darts (quivered)
 J - 5 javelins
Armour
 f - a +1 robe
 r - +0 steam dragon scales (worn)
 s - a +1 cloak (worn)
 u - a +1 helmet (worn)
 K - the +5 robe of Misfortune {Harm *Corrode *Slow EV+5}
   (You found it on level 10 of the Dungeon)

   EV:        It affects your evasion (+5).
   *Corrode:  It may corrode you when you take damage.
   *Slow:     It may slow you when you take damage.
   Harm:      It increases damage dealt and taken.
 M - a +0 pair of boots of flying (worn)
Magical Staves
 g - a staff of air
Jewellery
 y - the ring "Seishoc" (left hand) {rN+ MP+9 Dex+3}
   (You found it on level 7 of the Dungeon)

   [ring of magical power]

   Dex:       It affects your dexterity (+3).
   rN:        It protects you from negative energy.
   MP:        It affects your magic capacity (+9).
 O - a ring of resist corrosion
Wands
 o - a wand of mindburst (53)
 p - a wand of flame (42)
 t - a wand of polymorph (10)
 x - a wand of acid (1)
 E - a wand of roots (8)
Scrolls
 j - 4 scrolls of fear
 n - 5 scrolls of teleportation
 v - a scroll of vulnerability
 F - a scroll of immolation
 N - a scroll of magic mapping {unknown}
Potions
 c - 2 potions of invisibility
 d - 5 potions of heal wounds
 e - 5 potions of curing
 h - 3 potions of resistance
 i - a potion of attraction
 k - a potion of cancellation
 m - 2 potions of brilliance
 q - 2 potions of lignification
 z - a potion of magic {unknown}
 A - a potion of haste {unknown}
 D - 2 potions of flight
 G - a potion of might {unknown}
 H - a potion of experience {unknown}
 I - a potion of degeneration {unknown}
 L - a potion of mutation {unknown}


   Skills:
 * Level 8.8 Fighting
 - Level 10.0 Short Blades
 - Level 2.0 Throwing
 * Level 3.0 Armour
 + Level 6.7 Dodging
 + Level 10.8 Stealth
 + Level 5.6 Spellcasting
 * Level 9.9 Hexes
 + Level 3.2 Evocations


You had 10 spell levels left.
You knew the following spells:

 Your Spells              Type           Power      Damage    Failure   Level
a - Ensorcelled Hibernat  Hex/Ice        56%        N/A       1%          2
b - Confusing Touch       Hex            49%        N/A       1%          3
c - Tukima's Dance        Hex            49%        N/A       1%          3
d - Dazzling Flash        Conj/Hex       56%        N/A       3%          3

Your spell library contained the following spells:

 Spells                   Type           Power      Damage    Failure   Level
 Inner Flame              Hex/Fire       28%        N/A       3%          3
 Portal Projectile        Hex/Tloc       56%        N/A       3%          3
 Summon Guardian Golem    Hex/Summ       28%        N/A       3%          3
 Magic Dart               Conj           24%        1d4       10%         1
 Summon Small Mammal      Summ           24%        N/A       10%         1
 Leda's Liquefaction      Hex/Erth       14%        N/A       12%         4
 Call Imp                 Summ           6%         N/A       14%         2
 Sublimation of Blood     Necr           6%         N/A       14%         2
 Wereblood                Tmut           6%         N/A       14%         2
 Call Canine Familiar     Summ           6%         N/A       28%         3
 Mephitic Cloud           Conj/Pois/Air  6%         N/A       28%         3
 Flame Wave               Conj/Fire      6%         2d5       67%         4
 Sticky Flame             Conj/Fire      6%         2d3       67%         4
 Alistair's Intoxication  Tmut/Pois      4%         N/A       95%         5
 Blade Hands              Tmut           3%         N/A       95%         5
 Borgnjor's Vile Clutch   Necr/Erth      3%         N/A       95%         5
 Irradiate                Conj/Tmut      3%         3d12      95%         5
 Eringya's Noxious Bog    Tmut/Pois      3%         N/A       100%        6
 Dragon Form              Tmut           3%         N/A       100%        7
 Summon Hydra             Summ           3%         N/A       100%        7


Dungeon Overview and Level Annotations

Branches:
Dungeon (11/15)            Temple (0/1) D:7            Lair (1/5) D:9
    Orc (0/2) D:11        Gauntlet (1/1)

Altars:
Dithmenos
Okawaru
Sif Muna
Vehumet
Wu Jian

Shops:
D:10 *

Annotations:
D:3 Jessica
D:11 skeletal warriors! Gauntlet 7 transporters, exclusion: obsidian statue


Innate Abilities, Weirdness & Mutations

Your natural rate of healing is accelerated.
You have razor-sharp teeth.
You have supernaturally acute eyesight. (SInv)
You are afflicted with vampirism and can become a bat while bloodless.


Message History

The roots release their grip on the death yak.
The death yak gores you but does no damage.
There's nothing to close nearby.
You are a level 11 Vampire Enchanter.
You are 66% of the way to level 12.
Play time: 00:20:17 (10223 turns).
Zot will find you in 5421 turns if you stay in this branch and explore no new floors.
Aiming: Fastroot
Press: ? - help, Shift-Dir - straight line, f/p - death yak
Aim: a death yak (lightly wounded, chance to confuse on hit: 10%)
The roots erupt in riotous growth!
Roots grab the death yak. x2
The grasping roots constrict the death yak! x2
The death yak escapes!
The death yak struggles to escape constriction.
Unknown command.
Unknown command.
Unknown command.
You feel much better.
The grasping roots constrict the death yak!
The roots release their grip on the death yak.
The death yak completely misses you. The death yak gores you!
* * * LOW HITPOINT WARNING * * *
The death yak closely misses you.
You spin and attack the death yak repeatedly.
You hit the death yak but do no damage.
The death yak is moderately wounded.
You hit the death yak but do no damage.
The death yak is moderately wounded.
The death yak gores you but does no damage.
You spin and attack the death yak repeatedly.
You hit the death yak but do no damage.
The death yak is moderately wounded.
You hit the death yak but do no damage.
The death yak is moderately wounded.
You hit the death yak but do no damage.
The death yak is moderately wounded.
The death yak misses you. The death yak gores you.
* * * LOW HITPOINT WARNING * * *
The death yak gores you!!
You die...

.....#...#.........#..#...##.
..##.#...#..##.##..#..#.8....
2#.#.#####.##...##.#..#...##
.##..#...#.#.....#[#..#.8.#
©.#.©#©.©#....©...©#..#...#
.##..#...#.#.....#!#..#§8≈#
.#.#)#####.##...##[#..#####
..##.#...#..##.##Yw#..#
.....#.8.#......@Y.#..###
######...###########..#8#
......................###
.....................≈#
####################### 8#
#8# #8# #8# #8# #8# ## ###
### ### ### ###


You could see 2 death yaks and a torpor snail.

Vanquished Creatures
  A green death (Gauntlet)
  2 boulder beetles (D:11)
  3 death yaks (Gauntlet)
  A skeletal warrior (D:11)
  A moth of wrath (Gauntlet)
  A black mamba (Lair:1)
  A gargoyle (D:10)
  A komodo dragon (D:9)
  A hornet (D:8)
  4 blink frogs (Lair:1)
  A shadow (D:8)
  Sigmund (D:3)
  A wraith (D:10)
  7 yaks (D:9)
  3 steam dragons
  An acid dragon (D:9)
  Duvessa (D:7)
  2 water moccasins
  2 ice beasts
  2 orc warriors (D:8)
  2 black bears
  5 ogres
  5 wolves (Gauntlet)
  5 centaurs
  A phantom (D:5)
  2 kobold brigands
  2 bullfrogs (D:6)
  4 scorpions
  7 wights
  Dowan (D:7)
  6 killer bees
  4 howler monkeys
  6 jellies
  Crazy Yiuf (D:7)
  4 orc priests
  3 hounds
  A sleepcap (D:6)
  5 iguanas
  An orc wizard (D:6)
  4 gnolls (D:5)
  7 adders
  A shadow imp (D:7)
  A white imp (D:8)
  2 ufetubi
  A worm (D:2)
  4 dart slugs
  29 orcs
  9 bats
  6 endoplasms
  2 giant cockroaches (D:3)
  5 goblins
  4 hobgoblins (D:1)
  2 jackals (D:2)
  5 quokkas
  4 ball pythons (D:1)
  A frilled lizard (D:1)
  17 kobolds
  7 rats
213 creatures vanquished.

Vanquished Creatures (collateral kills)
  A gnoll sergeant (D:10)
  4 wights
5 creatures vanquished.

Vanquished Creatures (others)
  3 dancing weapons
  2 plants (D:9)
5 creatures vanquished.

Grand Total: 223 creatures vanquished

Notes
Turn   | Place    | Note
-------+----------+-------------------------------------------
     0 | D:1      | tilp the Vampire Enchanter began the quest for the Orb.
     0 | D:1      | Reached XP level 1. HP: 13/13 MP: 3/3
    79 | D:1      | Reached XP level 2. HP: 20/20 MP: 5/5
    82 | D:1      | Learned a level 2 spell: Ensorcelled Hibernation
   271 | D:1      | Reached skill level 1 in Fighting
   413 | D:1      | HP: 1/21 [frozen (2)]
   486 | D:1      | Gained mutation: You are afflicted with vampirism and can
                  | become a bat while bloodless. [Vampire growth]
   486 | D:1      | Reached XP level 3. HP: 22/26 MP: 3/6
  1058 | D:2      | Found an ornate altar of the Wu Jian Council.
  1093 | D:2      | Became a worshipper of the Wu Jian Council
  1708 | D:3      | Noticed Jessica
  1777 | D:2      | Learned a level 3 spell: Confusing Touch
  1810 | D:3      | Reached XP level 4. HP: 32/32 MP: 7/7
  1900 | D:3      | Noticed Sigmund
  1908 | D:3      | Killed Sigmund
  1909 | D:3      | Reached skill level 5 in Stealth
  1909 | D:3      | Reached skill level 5 in Hexes
  1909 | D:3      | Reached XP level 5. HP: 33/39 MP: 5/8
  2244 | D:3      | Reached * piety under Wu Jian
  2305 | D:4      | Reached XP level 6. HP: 35/46 MP: 4/10
  2456 | D:4      | Learned a level 3 spell: Tukima's Dance
  3012 | D:5      | Entered Level 5 of the Dungeon
  3206 | D:4      | Reached XP level 7. HP: 28/52 MP: 1/11
  3414 | D:5      | Reached ** piety under Wu Jian
  3642 | D:5      | Reached skill level 5 in Short Blades
  4108 | D:5      | Reached XP level 8. HP: 60/60 MP: 9/12
  4177 | D:6      | Found a radiant altar of Vehumet.
  4347 | D:6      | Reached skill level 1 in Evocations
  4816 | D:6      | Reached skill level 5 in Fighting
  4981 | D:6      | Reached XP level 9. HP: 68/68 MP: 14/14
  5435 | D:7      | Noticed Duvessa
  5435 | D:7      | Noticed Dowan
  5446 | D:7      | Killed Duvessa
  5448 | D:7      | Killed Dowan
  5512 | D:7      | Identified the ring "Seishoc" {rN+ MP+9 Dex+3}
  5761 | D:7      | You fall into a shaft and drop 2 floors!
  5982 | D:8      | Reached *** piety under Wu Jian
  6101 | D:8      | Reached skill level 5 in Dodging
  6133 | D:8      | Reached XP level 10. HP: 69/77 MP: 6/17
  6256 | D:7      | Found a shimmering blue altar of Sif Muna.
  6379 | D:7      | Found a runed translucent door.
  6380 | D:7      | Noticed Crazy Yiuf
  6474 | D:7      | Found a staircase to the Ecumenical Temple.
  6612 | D:7      | Killed Crazy Yiuf
  7461 | D:9      | Found a staircase to the Lair.
  7769 | D:9      | Reached skill level 5 in Spellcasting
  7816 | D:9      | Learned a level 3 spell: Dazzling Flash
  8041 | D:10     | Entered Level 10 of the Dungeon
  8079 | D:10     | Found a shadowy altar of Dithmenos.
  8102 | D:10     | Reached skill level 10 in Stealth
  8184 | D:10     | Found an iron altar of Okawaru.
  8453 | D:10     | Found Fohiukh's Assorted Antiques.
  8458 | D:10     | Bought a bubbling emerald potion for 17 gold pieces
  8458 | D:10     | Bought a potion of curing for 57 gold pieces
  8458 | D:10     | Bought a scroll of identify for 38 gold pieces
  8553 | D:10     | Noticed a gargoyle
  8559 | D:10     | Killed a gargoyle
  8664 | D:10     | Found the +5 robe of Misfortune {Harm *Corrode *Slow EV+5}
  8671 | D:10     | Reached skill level 10 in Short Blades
  8888 | D:10     | Found an ornate altar of the Wu Jian Council.
  9025 | D:11     | Noticed a skeletal warrior
  9077 | D:11     | Noticed a skeletal warrior
  9078 | D:11     | Killed a skeletal warrior
  9079 | D:11     | Noticed a skeletal warrior
  9224 | D:11     | Noticed a boulder beetle
  9231 | D:11     | Killed a boulder beetle
  9232 | D:11     | Reached skill level 1 in Armour
  9232 | D:11     | Reached XP level 11. HP: 86/86 MP: 18/18
  9232 | D:11     | Noticed a skeletal warrior
  9299 | D:11     | Found a staircase to the Orcish Mines.
  9391 | D:11     | Noticed a boulder beetle
  9397 | D:11     | Killed a boulder beetle
  9476 | D:9      | Reached skill level 1 in Throwing
  9526 | Lair:1   | Entered Level 1 of the Lair of Beasts
  9554 | Lair:1   | Reached **** piety under Wu Jian
  9623 | Lair:1   | Found a gate leading to a gauntlet.
  9632 | Gauntlet | Entered a Gauntlet
  9632 | Gauntlet | Found a transporter.
  9632 | Gauntlet | Found a transporter.
  9648 | Gauntlet | Found a transporter.
  9652 | Gauntlet | Found a transporter.
  9666 | Gauntlet | Found a transporter.
  9667 | Gauntlet | Found a transporter.
  9668 | Gauntlet | Noticed a ghost crab
  9669 | Gauntlet | Noticed an obsidian statue
  9676 | Gauntlet | Found a transporter.
  9697 | Gauntlet | Found a transporter.
  9697 | Gauntlet | Noticed a death yak
  9698 | Gauntlet | Noticed a death yak
  9699 | Gauntlet | Noticed a death yak
  9702 | Gauntlet | Noticed a death yak
  9702 | Gauntlet | Noticed a death yak
  9714 | Gauntlet | Found a transporter.
  9718 | Gauntlet | Found a transporter.
  9728 | Gauntlet | Noticed a green death
  9730 | Gauntlet | Found a transporter.
  9732 | Gauntlet | Found a transporter.
 10117 | Gauntlet | Killed a green death
 10182 | Gauntlet | Identified the +0 leather armour "Haeppel" {Harm *Slow rN++
                  | rCorr}
 10191 | Gauntlet | Killed a death yak
 10198 | Gauntlet | Killed a death yak
 10213 | Gauntlet | Killed a death yak
 10226 | Gauntlet | Mangled by a death yak

Illustrated notes

Levels and vault maps discovered:
D:1:      dpeg_arrival_court, layout_loops_cross, wad_floor_pattern_1,
          minmay_strange_pillars, nicolae_figureground_sparkle
D:2:      layout_basic, basic_altar
D:3:      layout_rooms, uniq_sigmund, uniq_jessica
D:4:      layout_rooms
D:5:      layout_basic
D:6:      layout_loops_ring, mainiacjoe_overflow_alcove_2
D:7:      layout_gridville, kennysheep_mini_moat, minmay_temple_entry_trees,
          uniq_crazy_yiuf_cottage, uniq_duvessa
D:8:      layout_rooms, mainiacjoe_overflow_brackets, minmay_misc_feat_alley,
          minmay_bent
D:9:      layout_rooms, david_lair_shrubbed, serial_co_window_serial,
          co_window_paths_b, co_window_corner_a, co_window_paths_b,
          co_window_paths_a, co_window_paths_a, co_window_corner_b,
          co_window_cross_3, co_window_broadway_c, co_window_broadway_a,
          co_window_broadway_c, glass_columns_a, glass_columns_a,
          glass_columns_a, glass_columns_b, glass_columns_a
D:10:     layout_loops_ring, pdpol_wu_jian_five_deadly_venoms,
          jmf_multi_god_temple, lemuel_tele_altar, serial_shops, shop,
          grunt_decor_junction
D:11:     layout_cave_pools, orc_0_dummy, uniq_josephine
Lair:1:   layout_gridlike, gauntlet_entry_generic, columned_hall_lemuel
Gauntlet: gammafunk_gauntlet_hard_choice [nicolae_gauntlet_arena_x,
          gammafunk_gauntlet_arena_spirals, gammafunk_gauntlet_arena_chambers,
          gammafunk_gauntlet_arena_corners, nicolae_gauntlet_arena_grate_2,
          gammafunk_gauntlet_arena_split_diamond, gauntlet_exit_hidden_loot]

Skill      XL: |  1  2  3  4  5  6  7  8  9 10 11 |
---------------+----------------------------------+-----
Fighting       | 1 2 3 4 5 6 8 |  8.8
Short Blades   | 2 3 4 6 7 8 10 | 10.0
Dodging        | 3 4 5 6 |  6.7
Stealth        | 5 6 7 8 9 10 | 10.8
Hexes          | 5 6 7 8 9 |  9.9
Spellcasting   | 3 4 5 |  5.6
Evocations     | 1 2 3 |  3.2
Armour         | 1 3 |  3.0
Throwing       | 2 |  2.0

Action                     |  1- 3 |  4- 6 |  7- 9 | 10-12 || total
---------------------------+-------+-------+-------+-------++-------
  Melee: Dagger            |    96 |   100 |   159 |   217 ||   572
         Bite              |     7 |    14 |    15 |    31 ||    67
         Punch             |       |       |     2 |     3 ||     5
  Throw: Dart              |       |       |       |     1 ||     1
   Cast: Ensorcelled Hiber |    25 |    30 |    60 |    45 ||   160
         Confusing Touch   |       |     1 |    12 |    16 ||    29
         Tukima's Dance    |       |     1 |     7 |    19 ||    27
         Dazzling Flash    |       |       |       |     1 ||     1
Ability: Lunge             |     2 |    10 |    30 |    18 ||    60
         Whirlwind         |       |     3 |     4 |     9 ||    16
  Evoke: Wand              |       |       |       |     8 ||     8
    Use: Potion            |     1 |       |       |     3 ||     4
         Scroll            |     5 |       |     8 |     9 ||    22
   Stab: Sleeping          |    30 |    17 |    48 |    41 ||   136
         Invisible         |     1 |       |       |       ||     1
         Confused          |       |     1 |     9 |    11 ||    21
         Distracted        |       |       |       |     1 ||     1
 Armour: Robe              |    17 |    16 |     5 |       ||    38
         Steam dragon scal |       |       |    13 |    36 ||    49
  Dodge: Dodged            |    59 |    87 |    70 |   102 ||   318

Table legend: (Time is in decaauts)
 A = Elapsed time spent in this place.
 B = Non-inter-level travel time spent in this place.
 C = Inter-level travel time spent in this place.
 D = Time resting spent in this place.
 E = Time spent auto-exploring this place.
 F = Levels seen in this place.
 G = Mean time per level.
                   A        B        C        D        E       F      G
               +--------+--------+--------+--------+--------+-----+--------+
         Total |  10098 |   9674 |    424 |    527 |   6999 |  13 |  776.8 |
       Dungeon |   9412 |   8988 |    424 |    474 |   6748 |  11 |  855.6 |
          Lair |    102 |    102 |      0 |      0 |      0 |   1 |  102.0 |
      Gauntlet |    582 |    582 |      0 |     53 |    251 |   1 |  582.0 |
               +--------+--------+--------+--------+--------+-----+--------+

Top non-repeatable levels by time:
     D:9: 1304 daAuts
     D:7: 1155 daAuts
    D:10: 1131 daAuts
     D:6: 969 daAuts
     D:1: 935 daAuts
     D:4: 924 daAuts
     D:5: 917 daAuts
     D:2: 818 daAuts
Gauntlet: 582 daAuts
     D:3: 527 daAuts
     D:8: 478 daAuts
    D:11: 249 daAuts
  Lair:1: 102 daAuts
